 Dungeon Crawl Stone Soup version 0.17-a0-1570-g74b7129 (webtiles) character file.

471 urechis the Ruffian (level 6, -3/62 HPs)
             Began as a Troll Monk on July 23, 2015.
             Slain by a worker ant (5 damage)
             ... on level 4 of the Dungeon.
             The game lasted 00:09:03 (2446 turns).

urechis the Ruffian (Troll Monk)                    Turns: 2446, Time: 00:09:03

Health: -3/62      AC:  6    Str: 22    XL:     6   Next: 83%
Magic:  5/5        EV: 11    Int:  6    God:
Gold:   169        SH:  0    Dex: 17    Spells: 0 memorised, 5 levels left

rFire  . . .     SeeInvis .       - Unarmed
rCold  . . .     Clarity  .     a - +0 robe
rNeg   . . .     SustAt   .     (no shield)
rPois  .         Gourm    +     (helmet restricted)
rElec  .         Spirit   .     c - +0 cloak
rCorr  .         Warding  .     (gloves unavailable)
rMut   .         Stasis   .     (boots unavailable)
MR     .....                    (no amulet)
Stlth  ++........               (no ring)
                                n - +5 ring of dexterity

@: not resistant to hostile enchantments, unstealthy
A: unfitting armour, claws 3, fast metabolism 3, gourmand, regeneration 2,
shaggy fur 1, tough skin 2
a: no special abilities


You were on level 4 of the Dungeon.
You were full.

You visited 1 branch of the dungeon, and saw 4 of its levels.

You collected 169 gold pieces.

Inventory:

Armour
 a - a +0 robe (worn)
 c - a +0 cloak (worn)
Jewellery
 n - a +5 ring of dexterity (left claw)
Scrolls
 h - a scroll of enchant weapon
 i - a scroll of teleportation
 r - 2 scrolls of magic mapping
Potions
 l - 2 potions of lignification
 m - a potion of agility {unknown}
 q - a potion of cancellation {unknown}
 s - a potion of flight {unknown}
 u - a potion of heal wounds {unknown}
Comestibles
 b - 8 bread rations
 f - 3 slices of pizza
 j - 4 meat rations
 o - 4 fruits


   Skills:
 + Level 4.1 Fighting
 - Level 2.4 Dodging
 - Level 1.1 Stealth
 * Level 7.2 Unarmed Combat


You had 5 spell levels left.
You didn't know any spells.

Dungeon Overview and Level Annotations

Branches:
Dungeon (4/15)
 Temple: D:4-7

Altars:


Innate Abilities, Weirdness & Mutations

You are too large for most types of armour.
You have claws for hands.
Your metabolism is lightning-fast.
You like to eat raw meat.
You heal very quickly.
You are covered in fur (AC +1).
You have very tough skin (AC +2).


Message History

You closely miss the ogre. You claw the ogre!
The ogre is severely wounded.
You scratch the ogre.
The ogre is severely wounded.
The worker ant completely misses you. The ogre hits you with a giant club!
You scratch the ogre.
The ogre is almost dead.
The worker ant closely misses you. The ogre hits you with a giant club!!
* * * LOW HITPOINT WARNING * * *
The worker ant bites you but does no damage.
You are too injured to fight recklessly!
You are too injured to fight recklessly!
You are too injured to fight recklessly!
You completely miss the ogre.
The ogre is almost dead.
You closely miss the ogre.
The ogre is almost dead.
The worker ant closely misses you. The ogre closely misses you.
The worker ant bites you.
You die...

#....# ###
#....# ..#
#....# ...#
#....# ...#
#....###...#
#..........#
#..%.......#
#..........#
#....@.....#
#...Oa..####
#.......#
#.......#
#.......#
#.......#
#.......#
#.......#


You could see an ogre (bleeding) and a worker ant.

Vanquished Creatures
  Eustachio (D:4)
  A scorpion (D:4)
  A hound (D:4)
  Ijyb (D:3)
  An orc wizard (D:4)
  Terence (D:3)
  Natasha (D:2)
  A worker ant (D:4)
  4 adders (D:3)
  2 oozes
  A worm (D:4)
  2 giant geckos
  2 orcs (D:4)
  A bat zombie (D:3)
  5 giant cockroaches
  15 goblins
  10 hobgoblins
  3 jackals (D:3)
  12 bats
  4 giant newts
  7 kobolds
  A quokka (D:2)
  9 rats
86 creatures vanquished.

Notes
Turn   | Place    | Note
--------------------------------------------------------------
     0 | D:1      | urechis the Troll Monk began the quest for the Orb.
     0 | D:1      | Reached XP level 1. HP: 22/22 MP: 0/0
    75 | D:1      | Reached XP level 2. HP: 29/29 MP: 1/1
  1029 | D:2      | Reached XP level 3. HP: 36/36 MP: 2/2
  1258 | D:2      | Noticed Natasha
  1268 | D:2      | Killed Natasha
  1268 | D:2      | Reached skill level 5 in Unarmed Combat
  1333 | D:2      | Reached XP level 4. HP: 43/45 MP: 3/3
  1573 | D:3      | Noticed Terence
  1583 | D:3      | Killed Terence
  1669 | D:3      | Noticed Ijyb
  1676 | D:3      | Killed Ijyb
  1676 | D:3      | Reached XP level 5. HP: 53/53 MP: 4/4
  1876 | D:3      | Reached skill level 6 in Unarmed Combat
  2070 | D:4      | Noticed Eustachio
  2083 | D:4      | Killed Eustachio
  2083 | D:4      | Reached XP level 6. HP: 22/62 MP: 5/5
  2099 | D:4      | Reached skill level 7 in Unarmed Combat
  2437 | D:4      | Noticed an ogre
  2444 | D:4      | HP: 1/62 [ogre/giant club (19)]
  2446 | D:4      | Slain by a worker ant

Vault maps used:
D:1:      minmay_arrival_open_corners
D:2:      minmay_stone_trees_small, uniq_natasha
D:3:      kennysheep_goblin_castle, hangedman_decor_riveting, uniq_terence
D:4:      elyvilon_altar_3, uniq_eustachio

Action                   |  1- 3 |  4- 6 || total
-------------------------+-------+-------++-------
Melee: Unarmed           |    82 |   118 ||   200
  Use: Scroll            |       |     7 ||     7
       Potion            |       |     3 ||     3
 Stab: Sleeping          |     3 |     4 ||     7
  Eat: Chunk             |    11 |    12 ||    23
       Beef jerky        |     1 |       ||     1
